 Dungeon Crawl Stone Soup version 0.31.0-11-ge490571c62 (webtiles) character file.

Game seed: 11524617987024294173

2482 qw the Skirmisher (level 9, 0/51 HPs)
             Began as a Deep Elf Hunter on Feb 4, 2024.
             Was an Initiate of Okawaru.
             Slain by a cyan ugly thing (11 damage)
             ... on level 8 of the Dungeon.
             The game lasted 00:00:26 (4470 turns).

qw the Skirmisher (Deep Elf Hunter)                 Turns: 4470, Time: 00:00:26

Health: 0/51       AC: 10    Str: 14    XL:     9   Next: 27%
Magic:  11/11      EV: 16    Int: 18    God:    Okawaru [......]
Gold:   179        SH:  5    Dex: 22    Spells: 8/8 levels left

rFire   + . .        c - +6 orcbow "Hienlif" {elec, rF+ Int+3}
rCold   . . .        (shield currently unavailable)
rNeg    . . .        h - +2 leather armour {rPois}
rPois   +            (no helmet)
rElec   .            o - +1 cloak
rCorr   .            d - +2 pair of gloves
SInv    .            (no boots)
Will    .....        b - amulet of reflection
Stlth   ++           f - +6 ring of strength
HPRegen 0.28/turn    (no ring)
MPRegen 0.12/turn

%: reflection
@: about to teleport, hasted, very quick
A: no striking features
a: Renounce Religion


You were on level 8 of the Dungeon.
You worshipped Okawaru.
Okawaru was noncommittal.
You visited 2 branches of the dungeon, and saw 9 of its levels.

You collected 335 gold pieces.
You spent 156 gold pieces at shops.


   Skills:
 - Level 3.4 Fighting
 - Level 14.6 Ranged Weapons
 - Level 1.0 Armour
 + Level 6.4 Dodging
 - Level 1.2 Stealth


You had 8 spell levels left.
You didn't know any spells.
Your spell library was empty.

Inventory:

Hand Weapons
 c - the +6 orcbow "Hienlif" (weapon) {elec, rF+ Int+3}
   (You acquired it on level 1 of the Dungeon)

   Int+3:     It affects your intelligence (+3).
   rF+:       It protects you from fire.
Armour
 d - a +2 pair of gloves (worn)
 g - a +0 ring mail
 h - a +2 leather armour of poison resistance (worn)
 i - a +0 scale mail of willpower
 o - a +1 cloak (worn)
Jewellery
 b - an amulet of reflection (around neck)
 f - a +6 ring of strength (left hand)
Wands
 j - a wand of mindburst (11)
Scrolls
 e - a scroll of identify
 n - a scroll of teleportation
Potions
 a - 6 potions of curing
 l - a potion of mutation
 m - a potion of resistance
 p - a potion of cancellation

Dungeon Overview and Level Annotations

Branches:
Dungeon (8/15)             Temple (1/1) D:7
   Lair: D:8-11

Altars:
Ashenzari
Dithmenos
Gozag
Hepliaklqana
Kikubaaqudgha
Makhleb
Okawaru
Qazlal
Ru
Trog
Uskayaw
Vehumet
Wu Jian
Xom
Yredelemnul
Zin
The Shining One

Shops:
D:4 (

Annotations:
D:5 2 transporters, qw's ghost, novice DEHu


Message History

The arcanist casts a spell.
The arcanist seems to speed up.
You shoot an arrow. The arrow hits the arcanist.
Lightning courses through the arcanist!!
The arcanist is severely wounded.
The arcanist gestures at you while chanting.
You resist with significant effort.
You shoot an arrow.
The arrow completely misses the arcanist.
The kobold brigand throws a curare-tipped dart.
The curare-tipped dart closely misses you.
You shoot an arrow. The arrow hits the cyan ugly thing!!
The cyan ugly thing is moderately wounded.
You shoot an arrow. The arrow hits the cyan ugly thing.
The cyan ugly thing is heavily wounded.
The cyan ugly thing misses you.
You shoot an arrow. The arrow hits the cyan ugly thing!
The cyan ugly thing is severely wounded.
The cyan ugly thing bites you! The cyan ugly thing shocks you!
You shoot an arrow.
The arrow barely misses the cyan ugly thing.
You shoot an arrow. The arrow hits the arcanist!
Lightning courses through the arcanist!!
You kill the arcanist!
Okawaru is honoured by your kill. The cyan ugly thing bites you.
The cyan ugly thing shocks you!
Your Ranged Weapons skill increases to level 14!
4469 ||| READING 2 scrolls of teleportation.
As you read the scroll of teleportation, it crumbles to dust.
You feel strangely unstable.
The kobold brigand throws a curare-tipped dart.
You block the curare-tipped dart with an invisible shield... and reflect it back!
The curare-tipped dart hits the kobold brigand.
The kobold brigand is poisoned.
The kobold brigand struggles to breathe.
The kobold brigand seems to slow down.
You shoot an arrow. The arrow hits the cyan ugly thing!
The cyan ugly thing is almost dead.
The cyan ugly thing bites you!
You die...

##########
........<#
.........#
#######..#
....u#..#
.....#..#
.?$!. #@.#
.$)$..u).#
.$$[..#K.#
......#..#
..... #..#
##### #..#
...# ...#


You could see a cyan ugly thing and a kobold brigand (very poisoned, slow).

Vanquished Creatures
  An arcanist (D:8)
  A water moccasin (D:7)
  An orc warrior (D:6)
  2 sky beasts (D:7)
  2 black bears (D:6)
  2 ice beasts
  An ogre (D:4)
  A phantom (D:5)
  2 centaurs
  A bullfrog (D:4)
  A kobold brigand (D:6)
  A scorpion (D:5)
  2 jellies (D:6)
  4 hounds
  3 bombardier beetles
  2 orc priests
  Jessica (D:3)
  3 sleepcaps
  4 iguanas
  An orc wizard (D:2)
  8 adders
  A shadow imp (D:5)
  2 white imps (D:7)
  2 ufetubi (D:7)
  A dart slug (D:3)
  2 ribbon worms
  23 orcs
  2 endoplasms
  3 giant cockroaches
  4 hobgoblins
  2 jackals (D:2)
  8 kobolds
  A quokka (D:4)
  14 ball pythons
  7 bats
  7 frilled lizards
  8 goblins
  4 rats
135 creatures vanquished.

Notes
Turn   | Place    | Note
-------+----------+-------------------------------------------
     0 | D:1      | qw the Deep Elf Hunter began the quest for the Orb.
     0 | D:1      | Reached XP level 1. HP: 12/12 MP: 3/3
     0 | D:1      | 0 ||| qw: Version: 0.3-a-160-g6735b56
     0 | D:1      | 0 ||| qw: Game counter: 5243
     0 | D:1      | 0 ||| qw: Melee chars always use a shield: true
     0 | D:1      | 0 ||| qw: God list: Okawaru
     0 | D:1      | 0 ||| qw: Allow faded altars: false
     0 | D:1      | 0 ||| qw: Do Orc after clearing Dungeon:15 true
     0 | D:1      | 0 ||| qw: Do second Lair branch before Depths: true
     0 | D:1      | 0 ||| qw: Lair rune preference: random
     0 | D:1      | 0 ||| qw: Goals: Normal
     0 | D:1      | 0 ||| PLANNING D:1-11
   187 | D:1      | Reached XP level 2. HP: 16/16 MP: 4/4
   240 | D:1      | Reached skill level 6 in Ranged Weapons
   357 | D:1      | 357 ||| UPGRADING to +0 scale mail.
   367 | D:1      | 367 ||| DROPPING +0 leather armour.
   368 | D:1      | 368 ||| UPGRADING to +0 ring mail.
   378 | D:1      | 378 ||| DROPPING +0 scale mail.
   379 | D:1      | 379 ||| UPGRADING to +6 ring of strength.
   380 | D:1      | 380 ||| READING scroll labelled VADGHY REZICRIS.
   380 | D:1      | Identified a scroll of acquirement
   380 | D:1      | 380 ||| ACQUIRING +6 orcbow "Hienlif" {elec, rF+ Int+3}
   380 | D:1      | Acquired the +6 orcbow "Hienlif" {elec, rF+ Int+3}
   382 | D:1      | 382 ||| SWAPPING to +6 orcbow "Hienlif" {elec, rF+ Int+3}.
   383 | D:1      | 383 ||| DROPPING +0 shortbow.
   384 | D:1      | 384 ||| DROPPING scroll of butterflies.
   398 | D:2      | 398 ||| FLEEEEING.
   399 | D:2      | 399 ||| STAIRDANCE
   414 | D:2      | 414 ||| STAIRDANCE
   457 | D:2      | Reached XP level 3. HP: 20/20 MP: 5/5
   506 | D:2      | 506 ||| READING scroll labelled JOEWU OPUODGHUI.
   507 | D:2      | 507 ||| READING scroll labelled ZYV CIFUFONK.
   508 | D:2      | 508 ||| FLEEEEING.
   510 | D:2      | 510 ||| FLEEEEING.
   511 | D:2      | 511 ||| FLEEEEING.
   512 | D:2      | 512 ||| FLEEEEING.
   513 | D:2      | 513 ||| FLEEEEING.
   514 | D:2      | 514 ||| FLEEEEING.
   515 | D:2      | 515 ||| STAIRDANCE
   670 | D:2      | Reached skill level 7 in Ranged Weapons
   674 | D:2      | Reached XP level 4. HP: 25/25 MP: 6/6
   922 | D:2      | 922 ||| UPGRADING to amulet of reflection.
   927 | D:2      | 927 ||| READING scroll labelled TUGAXU HAGGIAS.
   928 | D:2      | 928 ||| READING scroll labelled ICUODU BUSE.
   928 | D:2      | 928 ||| IDENTIFYING silvery potion
   929 | D:2      | 929 ||| READING scroll labelled CIOJ PIPPEEM.
   930 | D:2      | 930 ||| DRINKING 3 fuming coppery potions.
   971 | D:2      | 971 ||| DROPPING 2 potions of lignification.
  1054 | D:3      | Reached skill level 8 in Ranged Weapons
  1114 | D:3      | Found a faded altar of an unknown god.
  1376 | D:3      | Noticed Jessica
  1380 | D:3      | Killed Jessica
  1381 | D:3      | Reached XP level 5. HP: 29/29 MP: 7/7
  1602 | D:3      | 1602 ||| UPGRADING to +0 pair of gloves.
  1607 | D:3      | 1607 ||| UPGRADING to +0 scale mail of willpower.
  1617 | D:3      | 1617 ||| READING 4 scrolls of identify.
  1617 | D:3      | 1617 ||| IDENTIFYING smoky grey potion
  1618 | D:3      | 1618 ||| READING 3 scrolls of identify.
  1618 | D:3      | 1618 ||| IDENTIFYING scroll labelled OTILIPPIGH
  1619 | D:3      | 1619 ||| READING 2 scrolls of identify.
  1619 | D:3      | 1619 ||| IDENTIFYING 2 scrolls labelled RUUPTU TADOEDGH
  1620 | D:3      | 1620 ||| READING scroll of identify.
  1620 | D:3      | 1620 ||| IDENTIFYING 2 scrolls labelled DIRRENAERU
  1621 | D:3      | 1621 ||| READING 2 scrolls of enchant armour.
  1621 | D:3      | 1621 ||| ENCHANTING +0 pair of gloves.
  1622 | D:3      | 1622 ||| READING scroll of enchant armour.
  1622 | D:3      | 1622 ||| ENCHANTING +1 pair of gloves.
  1623 | D:3      | 1623 ||| DROPPING 2 scrolls of revelation.
  1624 | D:3      | 1624 ||| DROPPING potion of magic.
  1625 | D:3      | 1625 ||| DROPPING scroll of vulnerability.
  1655 | D:4      | Reached skill level 9 in Ranged Weapons
  1849 | D:4      | Found Hubad's Antique Weapon Shop.
  1858 | D:4      | 1858 ||| BUYING glowing orcbow (156 gold).
  1858 | D:4      | Bought a glowing orcbow for 156 gold pieces
  1858 | D:4      | 1858 ||| DROPPING +1 orcbow of flaming.
  2089 | D:4      | Reached skill level 1 in Armour
  2089 | D:4      | Reached XP level 6. HP: 35/35 MP: 8/8
  2128 | D:4      | Reached skill level 3 in Dodging
  2209 | D:4      | 2209 ||| UPGRADING to +2 leather armour of poison
                  | resistance.
  2245 | D:5      | Entered Level 5 of the Dungeon
  2252 | D:5      | 2252 ||| FLEEEEING.
  2254 | D:5      | 2254 ||| FLEEEEING.
  2255 | D:5      | 2255 ||| FLEEEEING.
  2256 | D:5      | 2256 ||| STAIRDANCE
  2305 | D:5      | 2305 ||| STAIRDANCE
  2380 | D:5      | 2380 ||| STAIRDANCE
  2400 | D:5      | 2400 ||| STAIRDANCE
  2447 | D:5      | Reached skill level 10 in Ranged Weapons
  2448 | D:5      | Reached XP level 7. HP: 40/40 MP: 9/9
  2592 | D:5      | Reached skill level 11 in Ranged Weapons
  2651 | D:5      | Noticed qw's ghost (novice DEHu)
  2652 | D:5      | Found a transporter.
  2661 | D:5      | Found a transporter.
  3155 | D:5      | 3155 ||| DROPPING amulet of regeneration.
  3156 | D:5      | 3156 ||| READING 2 scrolls of identify.
  3156 | D:5      | 3156 ||| IDENTIFYING sedimented puce potion
  3157 | D:5      | 3157 ||| READING scroll of identify.
  3157 | D:5      | 3157 ||| IDENTIFYING murky clear potion
  3158 | D:5      | 3158 ||| READING scroll labelled PIFUUS ITZISAF.
  3163 | D:5      | 3163 ||| READING scroll labelled BAGOUKLITEP.
  3164 | D:5      | 3164 ||| DRINKING 2 bubbling purple potions.
  3205 | D:6      | Reached skill level 12 in Ranged Weapons
  3219 | D:6      | Reached XP level 8. HP: 44/44 MP: 10/10
  3403 | D:6      | Reached skill level 3 in Fighting
  3579 | D:6      | Found a bloodstained altar of Trog.
  3648 | D:6      | Reached skill level 13 in Ranged Weapons
  3784 | D:6      | 3784 ||| DROPPING ring of flight.
  3911 | D:7      | 3911 ||| FLEEEEING.
  3921 | D:7      | 3921 ||| FLEEEEING.
  3922 | D:7      | 3922 ||| FLEEEEING.
  3923 | D:7      | 3923 ||| FLEEEEING.
  3924 | D:7      | 3924 ||| RETREEEEATING.
  3925 | D:7      | 3925 ||| RETREEEEATING.
  3926 | D:7      | 3926 ||| RETREEEEATING.
  3927 | D:7      | 3927 ||| RETREEEEATING.
  3931 | D:7      | 3931 ||| RETREEEEATING.
  3938 | D:7      | Reached skill level 6 in Dodging
  4081 | D:7      | Reached XP level 9. HP: 51/51 MP: 11/11
  4191 | D:7      | Found a staircase to the Ecumenical Temple.
  4192 | D:7      | 4192 ||| PLANNING TEMPLE
  4192 | D:7      | 4192 ||| UPGRADING to +0 cloak.
  4197 | D:7      | 4197 ||| READING scroll of enchant armour.
  4197 | D:7      | 4197 ||| ENCHANTING +0 cloak.
  4198 | D:7      | 4198 ||| READING 3 scrolls of identify.
  4198 | D:7      | 4198 ||| IDENTIFYING grey potion
  4199 | D:7      | 4199 ||| DROPPING potion of brilliance.
  4205 | Temple   | Entered the Ecumenical Temple
  4206 | Temple   | 4206 ||| PLANNING OKAWARU WORSHIP
  4234 | Temple   | Became a worshipper of Warmaster Okawaru
  4235 | Temple   | 4235 ||| PLANNING D:1-11
  4434 | D:7      | 4434 ||| READING 2 scrolls of identify.
  4434 | D:7      | 4434 ||| IDENTIFYING cyan potion
  4453 | D:8      | Noticed a cyan ugly thing
  4458 | D:8      | Noticed an arcanist
  4459 | D:8      | 4459 ||| DRINKING potion of haste.
  4468 | D:8      | Killed an arcanist
  4468 | D:8      | HP: 11/51 [cyan ugly thing (13)]
  4469 | D:8      | Reached skill level 14 in Ranged Weapons
  4469 | D:8      | 4469 ||| READING 2 scrolls of teleportation.
  4470 | D:8      | Slain by a cyan ugly thing

Levels and vault maps discovered:
D:1:      psy_arrival_dodecagon, layout_rooms
D:2:      layout_rooms, serial_glass, glass_columns_b, glass_columns_a
D:3:      layout_loops_cross, hellmonk_ecumenical_altar_inner_sanctum,
          grunt_decor_one_mirror, uniq_jessica
D:4:      kennysheep_six_static_rooms, layout_loops_ring, serial_shops,
          nicolae_shop_crystal
D:5:      layout_basic, gammafunk_ghost_smash
D:6:      layout_basic, trog_ov_bears_minmay
D:7:      layout_basic, minmay_temple_entry_statues_pillars
D:8:      cheibrodos_elevator_heist, layout_loops_ring,
          chequers_temple_overflow_statue_of_worship, lemuel_crystal_altar
Temple:   kb_temple_of_zot

Skill      XL: |  1  2  3  4  5  6  7  8  9 |
---------------+----------------------------+-----
Ranged Weapons | 6 7 8 9 10 12 13 14 | 14.6
Fighting       | 2 3 |  3.4
Armour         | 1 |  1.0
Dodging        | 3 4 6 |  6.4
Stealth        | |  1.2

Action                     |  1- 3 |  4- 6 |  7- 9 || total
---------------------------+-------+-------+-------++-------
   Fire: Shortbow          |    13 |       |       ||    13
         Orcbow            |    41 |   112 |   133 ||   286
    Use: Scroll            |     3 |     9 |     8 ||    20
         Potion            |       |     1 |     2 ||     3
 Armour: Ring mail         |    12 |     6 |       ||    18
         Scale mail        |       |     1 |       ||     1
         Leather armour    |       |    10 |    14 ||    24
  Dodge: Dodged            |    20 |    26 |    25 ||    71
  Block: Other             |       |     8 |     6 ||    14
         Reflection        |       |     2 |     1 ||     3

Table legend:
 A = Non-vault XP
 B = Vault XP
 C = Vault XP percentage of total XP
 D = Non-vault monster count
 E = Vault monster count
 F = Vault count percentage of total count
                 A         B        C        D         E       F
            +---------+---------+-------+---------+---------+-------
      Total |    2717 |     830 |  23.4 |     126 |       9 |   6.7
            +---------+---------+-------+---------+---------+-------
        D:1 |      20 |       0 |   0.0 |      12 |       0 |   0.0
        D:2 |     114 |       0 |   0.0 |      25 |       0 |   0.0
        D:3 |      78 |      37 |  32.2 |      24 |       1 |   4.0
        D:4 |     343 |      23 |   6.3 |      19 |       6 |  24.0
        D:5 |     657 |       0 |   0.0 |      14 |       0 |   0.0
        D:6 |     818 |     121 |  12.9 |      23 |       1 |   4.2
        D:7 |     687 |       0 |   0.0 |       9 |       0 |   0.0
        D:8 |       0 |     649 | 100.0 |       0 |       1 | 100.0
            +---------+---------+-------+---------+---------+-------
